Map: Blackpink LE

Players

Seamonsta - Winner!

  • Race: Zerg Zerg
  • League: Diamond
  • Spawn Location: 1:00

tassadar

  • Race: Terran Terran
  • League: Diamond
  • Spawn Location: 7:00

VOD

Have the link to the VOD?

Description

zerg versus mech terran

Time

  • Played on: March 23, 2018, 6:54 p.m.
  • Length: 13:43
Show
View Real Time Build Order
Export as new Build Order

Seamonsta Zerg - Winner!

Build Orders: Hatch First, Swarm Host 

Get SALT Encoding   

  12  0:01  Drone  
  13  0:12  Overlord  
  13  0:19  Drone  
  14  0:30  Drone x2  
  14  0:34  Drone  
  17  0:54  Drone, Hatchery  
  17  0:57  Drone  
  18  1:13  Extractor  
  18  1:15  Spawning Pool  
  18  1:18  Drone x2  
  18  1:28  Drone  
  19  1:38  Overlord  
  19  1:50  Drone  
  20  2:02  Queen  
  20  2:05  Zergling x2  
  20  2:06  Queen  
  20  2:07  Zergling x2  
  26  2:15  Drone  
  27  2:16  Metabolic Boost  
  27  2:17  Drone  
  28  2:44  Queen  
  30  2:53  Hatchery  
  30  2:57  Zergling x2  
  30  2:58  Zergling x10  
  34  3:08  Overlord  
  34  3:16  Drone  
  35  3:31  Queen  
  35  3:32  Queen  
  35  3:33  Overlord  
  39  3:35  Drone x2  
  41  3:42  Drone  
  41  3:43  Drone  
  41  3:45  Drone  
  41  3:46  Drone  
  43  3:51  Drone  
  43  3:52  Drone  
  43  3:59  Drone  
  43  4:00  Drone x2  
  46  4:09  Drone  
  46  4:12  Queen  
  46  4:15  Lair  
  46  4:34  Evolution Chamber, Spore Crawler  
  46  4:35  Drone, Overlord x2  
  46  4:36  Zergling x2, Spine Crawler  
  45  4:44  Queen  
  47  5:01  Baneling Nest  
  47  5:06  Zerg Melee Weapons Level 1  
  46  5:10  Pneumatized Carapace  
  46  5:26  Drone, Overlord x2  
  46  5:27  Drone x8  
  46  5:28  Hydralisk Den  
  54  5:34  Extractor  
  53  5:36  Extractor  
  53  5:37  Spine Crawler  
  51  5:53  Zergling x12  
  51  5:54  Zergling x8  
  61  6:03  Hydralisk x3  
  66  6:17  Drone  
  67  6:20  Drone x8  
  67  6:25  Muscular Augments  
  75  6:26  Drone  
  75  6:27  Drone x2  
  75  6:29  Drone  
  75  6:32  Overseer  
  79  6:45  Overlord x2  
  79  6:46  Drone x4  
  83  7:02  Baneling x10  
  83  7:16  Zerg Missile Weapons Level 1  
  83  7:17  Overlord  
  83  7:18  Drone x2  
  83  7:19  Overlord  
  85  7:23  Extractor, Queen x2  
  85  7:24  Drone x3, Extractor  
  85  7:25  Drone  
  85  7:27  Drone x3  
  94  7:41  Centrifical Hooks  
  83  7:54  Spine Crawler  
  83  7:58  Spine Crawler  
  81  8:05  Grooved Spines  
  81  8:10  Infestation Pit  
  80  8:25  Hatchery  
  79  8:31  Hydralisk x9  
  79  8:33  Zergling x2  
  79  8:34  Zergling x16  
  106  8:45  Overseer  
  106  8:46  Overseer  
  106  8:48  Hatchery  
  101  9:07  Hydralisk x7  
  110  9:12  Drone x2  
  110  9:14  Overlord x2  
  110  9:15  Drone x2  
  110  9:16  Extractor  
  113  9:19  Zerg Ground Armor Level 1  
  113  9:29  Drone  
  113  9:30  Drone x3, Overlord x2  
  120  9:41  Swarm Host x2  
  129  9:49  Queen  
  131  9:53  Swarm Host x2  
  131  9:54  Swarm Host  
  131  9:56  Overlord x2  
  131  9:57  Drone  
  141  10:10  Extractor  
  141  10:13  Extractor  
  139  10:19  Zergling x2  
  139  10:20  Zergling x14  
  156  10:47  Hydralisk x8  
  156  10:48  Hydralisk x2  
  156  10:49  Zergling x2  
  178  10:50  Zergling x2  
  178  10:52  Baneling x3  
  178  10:53  Baneling  
  175  11:16  Zergling x18  
  175  11:17  Zergling x4  
  174  11:20  Burrow  
  119  12:02  Queen x2  
  119  12:03  Drone  
  119  12:04  Drone, Overlord x2  
  119  12:06  Zergling x6  
  119  12:07  Zergling x38  
  135  12:27  Hydralisk x10  
  153  12:36  Baneling x7  
  147  12:37  Baneling x5  
  147  12:38  Baneling x4  
  147  12:47  Hydralisk, Overlord x2  
  147  12:49  Drone x2  
  151  13:10  Baneling x9  
  151  13:11  Baneling  
Show
View Real Time Build Order
Export as new Build Order

tassadar Terran 

Build Orders: Hellion Opening, Mech 

Get SALT Encoding   

  12  0:01  SCV  
  13  0:13  SCV  
  14  0:17  Supply Depot  
  14  0:25  SCV  
  15  0:39  SCV  
  15  0:40  Barracks  
  16  0:45  Refinery  
  16  0:51  SCV  
  17  1:00  Refinery  
  17  1:03  SCV  
  18  1:15  SCV  
  19  1:27  Reaper, SCV  
  19  1:29  Supply Depot  
  21  1:45  Factory  
  21  1:46  Orbital Command  
  21  2:10  Barracks Reactor  
  21  2:20  Supply Depot  
  21  2:37  Command Center  
  21  2:38  SCV  
  22  2:57  Hellion x2  
  25  3:01  Factory  
  25  3:07  SCV  
  26  3:17  Barracks Reactor  
  26  3:19  SCV  
  27  3:23  Hellion x2  
  31  3:31  SCV  
  32  3:43  SCV  
  32  3:44  Starport  
  29  3:54  Hellion x2  
  29  3:55  Hellion  
  31  3:59  Marine x2  
  31  4:04  SCV  
  31  4:18  Hellion  
  33  4:33  SCV x2  
  35  4:39  Hellion  
  37  4:48  SCV x2  
  39  4:59  Barracks Tech Lab, Factory  
  39  5:00  SCV  
  39  5:04  Orbital Command  
  40  5:07  Hellion  
  40  5:08  Hellion  
  40  5:12  Hellion x2  
  48  5:18  Supply Depot  
  48  5:21  Supply Depot  
  48  5:33  SCV x2  
  50  5:40  Starport Reactor  
  50  5:45  SCV x2  
  52  6:03  SCV  
  52  6:04  SCV  
  52  6:08  Refinery  
  52  6:09  Refinery  
  52  6:10  Siege Tank  
  55  6:11  Cyclone  
  55  6:12  Cyclone  
  55  6:14  Cyclone x2  
  55  6:15  SCV  
  55  6:16  SCV  
  69  6:32  Supply Depot, Command Center  
  69  6:33  Supply Depot  
  69  6:35  Supply Depot  
  69  6:38  SCV  
  70  6:45  Armory  
  70  6:51  SCV  
  70  6:54  Siege Tank  
  73  7:10  Hellion x2, Command Center  
  73  7:11  Hellion x2  
  73  7:15  SCV x2  
  83  7:26  Siege Tank  
  86  7:30  Supply Depot  
  86  7:32  Supply Depot  
  86  7:35  SCV x2  
  88  7:37  Factory  
  88  7:38  Factory  
  88  7:49  Terran Vehicle Weapons Level 1  
  75  8:00  Hellion x2  
  75  8:01  Siege Tank, Hellion x2  
  86  8:10  SCV x2  
  88  8:17  Supply Depot  
  88  8:22  Factory Tech Lab x2, SCV x2  
  88  8:25  Hellion x2  
  88  8:26  Hellion x2  
  98  8:38  Infernal Pre-Igniter  
  98  8:41  SCV x2  
  100  8:42  Siege Tank  
  100  8:43  Siege Tank  
  90  9:11  Siege Tank, Hellion x4  
  101  9:19  SCV x2, Orbital Command  
  101  9:21  Siege Tank  
  101  9:22  Siege Tank  
  109  9:31  SCV  
  109  9:32  SCV  
  111  9:45  SCV x3  
  117  9:52  Siege Tank  
  117  9:53  Siege Tank, Refinery  
  117  9:54  Refinery, Hellion x3  
  117  9:55  Hellion  
  117  9:57  SCV x3  
  131  10:02  Supply Depot  
  131  10:04  Supply Depot x2  
  131  10:06  Supply Depot  
  131  10:24  Siege Tank  
  134  10:29  Hellion x4  
  134  10:30  Siege Tank x2  
  134  10:34  Terran Vehicle Weapons Level 2  
  134  10:35  Supply Depot x3  
  148  10:40  Armory  
  148  11:16  Siege Tank x2  
  148  11:17  Hellion x2  
  148  11:18  Hellion x2  
  69  11:56  Siege Tank, Hellion x2  
  66  12:09  Hellion  
  66  12:17  Barracks  
  66  12:35  Hellion  
  70  12:43  Factory Tech Lab  
  70  12:48  Factory Tech Lab  
  53  13:17  Factory Tech Lab  
Tags
 
Add a new tag
Caveats
  • Supply blocks, unpowered buildings, or Contaminate may cause inaccurate times.
  • Supply counts are checked every 10 seconds.